Workbook

Sheet Свод к договору
I1: Приложение 3.1
A6: Свод затрат на выполнение работ
A7: № пп | B7: Период | C7: Расходы на ФОТ | D7: Транспортные затраты | E7: Материалы* | F7: Итого прямых затрат | G7: Накладные расходы | H7: Итого затрат | I7: Рентабельность 10% | J7: Итого без НДС
A8: 1 | B8: 46388 | C8: =ФОТ!$J$22/12 -> 0 | D8: =Транспорт!$L$11 -> 0 | E8: 200000 | F8: =C8+D8+E8 -> 200000 | G8: =Накладные!$C$28 -> 0 | H8: =F8+G8 -> 200000 | I8: =ROUND(H8*0.1,2) -> 20000 | J8: =H8+I8 -> 220000
A9: 2 | B9: 46419 | C9: =ФОТ!$J$22/12 -> 0 | D9: =Транспорт!$L$11 -> 0 | E9: 200000 | F9: =C9+D9+E9 -> 200000 | G9: =Накладные!$C$28 -> 0 | H9: =F9+G9 -> 200000 | I9: =ROUND(H9*0.1,2) -> 20000 | J9: =H9+I9 -> 220000
A10: 3 | B10: 46447 | C10: =ФОТ!$J$22/12 -> 0 | D10: =Транспорт!$L$11 -> 0 | E10: 200000 | F10: =C10+D10+E10 -> 200000 | G10: =Накладные!$C$28 -> 0 | H10: =F10+G10 -> 200000 | I10: =ROUND(H10*0.1,2) -> 20000 | J10: =H10+I10 -> 220000
A11: 4 | B11: 46478 | C11: =ФОТ!$J$22/12 -> 0 | D11: =Транспорт!$L$11 -> 0 | E11: 200000 | F11: =C11+D11+E11 -> 200000 | G11: =Накладные!$C$28 -> 0 | H11: =F11+G11 -> 200000 | I11: =ROUND(H11*0.1,2) -> 20000 | J11: =H11+I11 -> 220000
A12: 5 | B12: 46508 | C12: =ФОТ!$J$22/12 -> 0 | D12: =Транспорт!$L$11 -> 0 | E12: 200000 | F12: =C12+D12+E12 -> 200000 | G12: =Накладные!$C$28 -> 0 | H12: =F12+G12 -> 200000 | I12: =ROUND(H12*0.1,2) -> 20000 | J12: =H12+I12 -> 220000
A13: 6 | B13: 46539 | C13: =ФОТ!$J$22/12 -> 0 | D13: =Транспорт!$L$11 -> 0 | E13: 200000 | F13: =C13+D13+E13 -> 200000 | G13: =Накладные!$C$28 -> 0 | H13: =F13+G13 -> 200000 | I13: =ROUND(H13*0.1,2) -> 20000 | J13: =H13+I13 -> 220000
A14: 7 | B14: 46569 | C14: =ФОТ!$J$22/12 -> 0 | D14: =Транспорт!$L$11 -> 0 | E14: 200000 | F14: =C14+D14+E14 -> 200000 | G14: =Накладные!$C$28 -> 0 | H14: =F14+G14 -> 200000 | I14: =ROUND(H14*0.1,2) -> 20000 | J14: =H14+I14 -> 220000
A15: 8 | B15: 46600 | C15: =ФОТ!$J$22/12 -> 0 | D15: =Транспорт!$L$11 -> 0 | E15: 200000 | F15: =C15+D15+E15 -> 200000 | G15: =Накладные!$C$28 -> 0 | H15: =F15+G15 -> 200000 | I15: =ROUND(H15*0.1,2) -> 20000 | J15: =H15+I15 -> 220000
A16: 9 | B16: 46631 | C16: =ФОТ!$J$22/12 -> 0 | D16: =Транспорт!$L$11 -> 0 | E16: 200000 | F16: =C16+D16+E16 -> 200000 | G16: =Накладные!$C$28 -> 0 | H16: =F16+G16 -> 200000 | I16: =ROUND(H16*0.1,2) -> 20000 | J16: =H16+I16 -> 220000
A17: 10 | B17: 46661 | C17: =ФОТ!$J$22/12 -> 0 | D17: =Транспорт!$L$11 -> 0 | E17: 200000 | F17: =C17+D17+E17 -> 200000 | G17: =Накладные!$C$28 -> 0 | H17: =F17+G17 -> 200000 | I17: =ROUND(H17*0.1,2) -> 20000 | J17: =H17+I17 -> 220000
A18: 11 | B18: 46692 | C18: =ФОТ!$J$22/12 -> 0 | D18: =Транспорт!$L$11 -> 0 | E18: 200000 | F18: =C18+D18+E18 -> 200000 | G18: =Накладные!$C$28 -> 0 | H18: =F18+G18 -> 200000 | I18: =ROUND(H18*0.1,2) -> 20000 | J18: =H18+I18 -> 220000
A19: 12 | B19: 46722 | C19: =ФОТ!$J$22/12 -> 0 | D19: =Транспорт!$L$11 -> 0 | E19: 200000 | F19: =C19+D19+E19 -> 200000 | G19: =Накладные!$C$28 -> 0 | H19: =F19+G19 -> 200000 | I19: =ROUND(H19*0.1,2) -> 20000 | J19: =H19+I19 -> 220000
B20: ИТОГО с 01.01.2027 г. по 31.12.2027 г. | C20: =SUM(C8:C19) -> 0 | D20: =SUM(D8:D19) -> 0 | E20: =SUM(E8:E19) -> 2400000 | F20: =SUM(F8:F19) -> 2400000 | G20: =SUM(G8:G19) -> 0 | H20: =SUM(H8:H19) -> 2400000 | I20: =SUM(I8:I19) -> 240000 | J20: =SUM(J8:J19) -> 2640000
A22: * Принято для расчёта стоимости, не подлежит изменению.
A24: Исполнитель:

Sheet ФОТ
I1: Приложение 3.1.1
A6: Расшифровка заработной платы*
A8: Профессия | B8: Кол-во штат.ед. | C8: Оклад (тарифная ставка), руб. | D8: р/к 70% | E8: сев/к 50 % | F8: премия ХХ % | G8: Доплата за вахтовый метод работы ХХ% | H8: Доплата за работу в ночное время ХХ% | I8: ФЗП за мес. | J8: ФЗП в год
A9: Специалист ОТиПБ ООС | B9: 1 | D9: =C9*0.7 -> 0 | E9: =C9*0.5 -> 0 | I9: =(G9+F9+E9+D9+C9+H9)*B9 -> 0 | J9: =I9*12 -> 0
A10: Персонал рабочих специальностей и ИТР Западно-Малобалыкского м/р
A11: Начальник участка ЭЭО | B11: 2 | D11: =C11*0.7 -> 0 | E11: =C11*0.5 -> 0 | I11: =(G11+F11+E11+D11+C11+H11)*B11 -> 0 | J11: =I11*12 -> 0
A12: Мастер по РОЭ | B12: 4 | D12: =C12*0.7 -> 0 | E12: =C12*0.5 -> 0 | I12: =(G12+F12+E12+D12+C12+H12)*B12 -> 0 | J12: =I12*12 -> 0
A13: Электромонтер по РОЭ 5 разряда | B13: 16 | D13: =C13*0.7 -> 0 | E13: =C13*0.5 -> 0 | I13: =(G13+F13+E13+D13+C13+H13)*B13 -> 0 | J13: =I13*12 -> 0
A14: Диспетчер ОДС | B14: 4 | D14: =C14*0.7 -> 0 | E14: =C14*0.5 -> 0 | I14: =(G14+F14+E14+D14+C14+H14)*B14 -> 0 | J14: =I14*12 -> 0
A15: Инженер РЗиА | B15: 2 | D15: =C15*0.7 -> 0 | E15: =C15*0.5 -> 0 | I15: =(G15+F15+E15+D15+C15+H15)*B15 -> 0 | J15: =I15*12 -> 0
A16: Водитель автомобиля (совмещение должностей 4 по 0,5 ставки)** | B16: 2 | D16: =C16*0.7 -> 0 | E16: =C16*0.5 -> 0 | I16: =(G16+F16+E16+D16+C16+H16)*B16 -> 0 | J16: =I16*12 -> 0
A17: ИТОГО кол-во персонала (без учёта совмещаемой должности) | B17: =SUM(B10:B15) -> 28
A18: Итого заработная плата производственного персонала | I18: =SUM(I11:I16)+I9 -> 0 | J18: =SUM(J11:J16)+J9 -> 0
A19: Премии производственного персонала годовая | J19: =I18 -> 0
A20: Отпускные и компенсации за отпуск (резерв на оплату отпусков) | J20: =J18/29.4*44/12 -> 0
A21: Обязательное социальное страхование
A22: Итого расходы по ФОТ | J22: =J18+J19+J20+J21 -> 0
A24: Перечень и количество персонала являются ориентировочными и необходимы исключительно для расчёта
A25: ХХ - определяется претендентом в соответствии с ЛНА
A26: * Форма является ориентировочной, претендент на своё усмотрение вправе вносить корректировки как по форме расчёта, так и по количеству/составу персонала, за исключением случаем уменьшения количества Эксплуатационного персонала. Расчёт ФОТ производить в соответствии с ТК РФ.
A27: ** Совмещение должностей возможно исключить при наличии привлекаемого транспорта сторонней организацией
A28: Исполнитель:

Sheet Транспорт
K1: Приложение 3.1.2
A5: Расшифровка затрат на автотранспорт
A7: № п/п | B7: Марка а/м | C7: К-во ед. | D7: Режим работы | E7: Среднесуточный пробег, км. | F7: Кол-во раб. дней в году | G7: Пробег в год | H7: Время в наряде | I7: Тариф в руб. без НДС | J7: Тариф в руб. без НДС | K7: Сумма в руб. без НДС в год | L7: Сумма в руб. без НДС в мес.
D8: час. | E8: км. | F8: дн. | G8: км. | H8: м/час. | I8: час. | J8: км. | K8: руб. | L8: руб.
A9: 1 | B9: Автотранспорт повышеной проходимости (наименование) | C9: 1 | D9: 22ч. | E9: 100 | F9: 365 | G9: =E9*F9 -> 36500 | H9: =22*F9 -> 8030 | K9: =H9*I9+G9*J9 -> 0 | L9: =K9/12 -> 0
A10: 2 | B10: Автотранспорт повышеной проходимости (наименование) | C10: 1 | D10: 11ч. | E10: 60 | F10: 365 | G10: =E10*F10 -> 21900 | H10: =11*F10 -> 4015 | K10: =H10*I10+G10*J10 -> 0 | L10: =K10/12 -> 0
B11: ИТОГО: | C11: =SUM(C9:C10) -> 2 | G11: =SUM(G9:G10) -> 58400 | H11: =SUM(H9:H10) -> 12045 | K11: =SUM(K9:K10) -> 0 | L11: =SUM(L9:L10) -> 0
A14: Исполнитель:

Sheet Накладные
C1: Приложение 3.1.3
A5: Расшифровка накладных расходов, ОБРАЗЕЦ
A7: № п/п | B7: Статьи | C7: в руб. без НДС в мес. | D7: в руб. без НДС в год
A8: 1 | B8: Расходы на подготовку кадров (аттестация, сертификация, допуски, обучение по ОТ и ТБ и т.п.) | D8: =C8*12 -> 0
A9: 2 | B9: Затраты на спецодежду | D9: =C9*12 -> 0
A10: 3 | B10: Бытовые и коммунальные расходы (вода хозяйственная, вода питьевая, прачечная и пр.) | D10: =C10*12 -> 0
A11: 4 | B11: Амортизация производственных активов (вагон-дома, оборудование) | D11: =C11*12 -> 0
A12: 5 | B12: Медицинские услуги | D12: =C12*12 -> 0
A13: 6 | B13: Услуги связи | D13: =C13*12 -> 0
A14: 7 | B14: Услуги по охране труда и окружающей среды. Утилизация отходов по классам опасности | D14: =C14*12 -> 0
A15: 8 | B15: Инструменты и инвентарь | D15: =C15*12 -> 0
A16: 9 | B16: Канцелярские товары (расходные материалы к оргтехнике ) | D16: =C16*12 -> 0
A17: 10 | B17: Оргтехника | D17: =C17*12 -> 0
A18: 11 | B18: Страхование общепроизводственных активов | D18: =C18*12 -> 0
A19: 12 | B19: Услуги электролаборатории | D19: =C19*12 -> 0
A20: 13 | D20: =C20*12 -> 0
A21: 14 | D21: =C21*12 -> 0
A22: 15 | D22: =C22*12 -> 0
A23: 16 | D23: =C23*12 -> 0
A24: 17 | D24: =C24*12 -> 0
A25: 18 | D25: =C25*12 -> 0
A26: 19 | D26: =C26*12 -> 0
A27: 20 | D27: =C27*12 -> 0
B28: ИТОГО по Западно-Малобалыкскому м/р | C28: =SUM(C8:C27) -> 0 | D28: =SUM(D8:D27) -> 0
A30: Исполнитель:
